 Dungeon Sprint DCSS version 0.30-a0-172-gc5509c9e31 (webtiles) character file.

Game seed: 12410996900960975284

4249 mhtbhm the Earth Mage (level 10, 0/53 HPs)
             Began as a Gargoyle Earth Elementalist on Oct 1, 2022.
             Was a High Priest of Vehumet.
             Slain by a komodo dragon (23 damage)
             ... in the Dungeon (Sprint III: "The Ten Rune Challenge").
             The game lasted 00:03:57 (1429 turns).

mhtbhm the Earth Mage (Gargoyle Earth Elementalist) Turns: 1429, Time: 00:03:58

Health: 0/53       AC:  9    Str: 12    XL:     10   Next: 31%
Magic:  22/28      EV: 13    Int: 18    God:    Vehumet [*****.]
Gold:   55         SH:  0    Dex: 10    Spells: 26/38 levels left

rFire   . . .      SeeInvis .    i - +6 club
rCold   . . .      Faith    .    (no shield)
rNeg    + . .      Spirit   .    a - +0 robe
rPois   ∞          Reflect  .    (no helmet)
rElec   +          Harm     .    (no cloak)
rCorr   .          Rampage  .    (no gloves)
Will    .....      NoTele   +    (no boots)
Stlth   ++........               (no amulet)
HPRegen 0.28/turn                (no ring)
MPRegen 0.21/turn                (no ring)

@: very slow
A: sickness immunity, AC +7, negative energy resistance 1, electricity
resistance, torment resistance 1, petrification resistance, dopey 1, passive
freeze, sturdy frame 1
a: Renounce Religion


You were in the Dungeon.
You worshipped Vehumet.
Vehumet was extremely pleased with you.
You visited 1 branch You collected 55 gold pieces.

Inventory:

Hand Weapons
 i - a +6 club (weapon)
Armour
 a - a +0 robe (worn)
Scrolls
 g - a scroll of blinking
 h - 4 scrolls of identify
 j - a scroll of immolation {unknown}
 l - a scroll of poison {unknown}
Potions
 b - 2 potions of magic
 c - a potion of curing
 e - a potion of haste
 f - a potion of berserk rage
 k - 2 potions of invisibility {unknown}
 m - 2 potions of flight
 n - 3 potions of mutation
 o - a potion of might
Miscellaneous
 p - a box of beasts (inert)


   Skills:
 + Level 2.0 Fighting
 + Level 4.5 Dodging
 + Level 6.5 Stealth
 + Level 14.5 Spellcasting
 + Level 5.3 Conjurations
 + Level 3.1 Transmutations
 + Level 17.7 Earth Magic
 + Level 1.5 Evocations


You had 26 spell levels left.
You knew the following spells:

 Your Spells              Type           Power      Damage    Failure   Level
a - Sandblast             Erth           100%       2d20      0%          1
b - Passwall              Tmut/Erth      41%        N/A       1%          2
c - Stone Arrow           Conj/Erth      100%       3d13      1%          3
d - Petrify               Tmut/Erth      50%        N/A       1%          4
e - Scorch                Fire           26%        2d6       2%          2

Your spell library contained the following spells:

 Spells                   Type           Power      Damage    Failure   Level
 Yara's Violent Unravell  Hex/Tmut       9%         3d6       19%         5
 Apportation              Tloc           26%        N/A       4%          1
 Alistair's Intoxication  Tmut/Pois      12%        N/A       58%         5


Dungeon Overview and Level Annotations

Branches:
Dungeon (1/1)

Altars:
Cheibriados
Dithmenos
Elyvilon
Fedhas
Gozag
Hepliaklqana
Kikubaaqudgha
Makhleb
Nemelex Xobeh
Okawaru
Qazlal
Ru
Sif Muna
Trog
Uskayaw
Vehumet
Wu Jian
Xom
Yredelemnul
Zin
The Shining One
Jiyva
Lugonu


Innate Abilities, Weirdness & Mutations

You are immune to sickness and miasma.
Your stone body is resilient. (AC +7)
You are immune to poison.
You resist negative energy. (rN+)
You are resistant to electric shocks. (rElec)
You are resistant to unholy torment.
You are immune to petrification.
You are dopey. (Int -2)
A frigid envelope surrounds you and freezes all who hurt you.
Your movements are slightly less encumbered by armour. (ER -2)


Message History

You see here a cane toad corpse.
The cane toad croaks.
You open the lid... ...and a larval weirdshock beast leaps out!
The box is emptied!
The cane toad closely misses you.
Unknown command.
Casting: Sandblast (safe; 0% risk of failure)
Confirm with . or Enter, or press ? or * to list all spells.
Aiming: Stone Arrow (safe; 1% risk of failure)
Press: ? - help, Shift-Dir - straight line, f - cane toad
Aim: a cane toad (ally target, 81% to hit)
The stone arrow hits the cane toad.
The cane toad is lightly wounded.
The cane toad stings you!!
The cane toad is very cold.
The cane toad seems to slow down.
The cane toad is lightly wounded.
Unknown command.
Casting: Stone Arrow (safe; 1% risk of failure)
Confirm with . or Enter, or press ? or * to list all spells.
Aiming: Stone Arrow (safe; 1% risk of failure)
Press: ? - help, Shift-Dir - straight line, f/p - cane toad
Aim: a cane toad (lightly wounded, slow, ally target, 81% to hit)
The stone arrow hits the cane toad!!
The cane toad is almost dead.
The cane toad stings you!
The cane toad is very cold.
You kill the cane toad!
Vehumet accepts your kill.
You feel your power returning.
Your Fighting skill increases to level 2!
Unknown command.
Unknown command.
Casting: Stone Arrow (safe; 1% risk of failure)
Confirm with . or Enter, or press ? or * to list all spells.
Aiming: Stone Arrow (safe; 1% risk of failure)
Press: ? - help, Shift-Dir - straight line, f - komodo dragon
Aim: a komodo dragon (ally target, 84% to hit)
The stone arrow hits the komodo dragon!!
The komodo dragon is heavily wounded.
The komodo dragon bites you!!
You die...

.###...'.⌠...[....# ##
#...#...######'# #
#....#.⌠.#__#...#+#############
##.....#...#__#...#..§§~'.#.))..'
#......#'###__#...#.#[§§#.#.#...#
.#.....#.).#__#...'.#.§.#.#.#...#
###....#___#__'...#.#.§.#...#...#
▓▓▓▓▓▓▓▓▓▓▓▓▓▓▓▓▓▓▓▓▓▓▓▓▓▓▓▓▓▓#
♣l@H........~~~...#
♣'♣≈≈≈≈≈≈≈≈≈≈≈≈♣♣P.'
.~♣♣♣♣♣♣♣♣♣♣♣♣♣♣♣♣PP# #.. ♣♣♣# ##


You could see a komodo dragon (ally target) and a friendly larval weirdshock
beast (summoned).

Vanquished Creatures
  Josephine (D)
  A centaur warrior (D)
  A deep elf pyromancer (D)
  2 cane toads (D)
  An unseen horror (D)
  3 wandering mushrooms (D)
  A shadow (D)
  A spatial vortex (D)
  2 centaurs (D)
  An earth elemental (D)
  A necrophage (D)
  A scorpion (D)
  A water elemental (D)
  A jelly (D)
  Jessica (D)
  A wizard (D)
  A necromancer (D)
  3 humans (D)
  A kobold demonologist (D)
  3 rats (D)
28 creatures vanquished.

Vanquished Creatures (others)
  A plant (D)
1 creature vanquished.

Grand Total: 29 creatures vanquished

Notes
Turn   | Place    | Note
-------+----------+-------------------------------------------
     0 | D        | mhtbhm the Gargoyle Earth Elementalist began the quest for
                  | the Orb.
     0 | D        | Reached XP level 1. HP: 10/10 MP: 3/3
    41 | D        | Noticed Jessica
    53 | D        | Killed Jessica
    54 | D        | Reached skill level 5 in Earth Magic
    54 | D        | Reached XP level 2. HP: 11/15 MP: 1/6
    54 | D        | Reached XP level 3. HP: 15/19 MP: 1/7
   139 | D        | Learned a level 2 spell: Passwall
   143 | D        | Learned a level 3 spell: Stone Arrow
   164 | D        | Gained mutation: Your spells are a little easier to cast,
                  | but a little less powerful. [potion of mutation]
   165 | D        | Lost mutation: Your spells are a little easier to cast, but
                  | a little less powerful. [potion of mutation]
   165 | D        | Gained mutation: A frigid envelope surrounds you and
                  | freezes all who hurt you. [potion of mutation]
   165 | D        | Gained mutation: You are dopey. (Int -2) [potion of
                  | mutation]
   165 | D        | Gained mutation: Your movements are slightly less
                  | encumbered by armour. (ER -2) [potion of mutation]
   187 | D        | Noticed a scorpion
   193 | D        | Killed a scorpion
   194 | D        | Reached skill level 1 in Transmutations
   194 | D        | Reached skill level 7 in Earth Magic
   194 | D        | Reached XP level 4. HP: 19/24 MP: 5/10
   198 | D        | Reached skill level 8 in Earth Magic
   270 | D        | Learned a level 4 spell: Petrify
   273 | D        | Noticed a water elemental
   277 | D        | Killed a water elemental
   278 | D        | Reached skill level 5 in Spellcasting
   278 | D        | Reached skill level 9 in Earth Magic
   278 | D        | Reached XP level 5. HP: 28/28 MP: 5/13
   340 | D        | Found a radiant altar of Vehumet.
   340 | D        | Found a shimmering blue altar of Sif Muna.
   340 | D        | Found an ancient bone altar of Kikubaaqudgha.
   344 | D        | Reached skill level 5 in Stealth
   351 | D        | Became a worshipper of Vehumet
   366 | D        | Found a basalt altar of Yredelemnul.
   366 | D        | Found a shadowy altar of Dithmenos.
   366 | D        | Found a sacrificial altar of Ru.
   369 | D        | Reached skill level 10 in Earth Magic
   369 | D        | Reached XP level 6. HP: 23/32 MP: 11/15
   421 | D        | Found a glowing silver altar of Zin.
   421 | D        | Found a glowing golden altar of the Shining One.
   421 | D        | Found a white marble altar of Elyvilon.
   421 | D        | Noticed a deep elf pyromancer
   423 | D        | Killed a deep elf pyromancer
   423 | D        | Reached * piety under Vehumet
   423 | D        | Offered knowledge of Freeze by Vehumet.
   424 | D        | Reached skill level 1 in Conjurations
   424 | D        | Reached skill level 13 in Earth Magic
   424 | D        | Reached XP level 7. HP: 32/37 MP: 12/19
   444 | D        | Found a hide-covered altar of Uskayaw.
   444 | D        | Found an iron altar of Okawaru.
   444 | D        | Found a bloodstained altar of Trog.
   444 | D        | Found an ornate altar of the Wu Jian Council.
   444 | D        | Noticed a human
   444 | D        | Noticed a human
   446 | D        | Killed a human
   447 | D        | Reached XP level 8. HP: 42/42 MP: 12/21
   450 | D        | Reached skill level 10 in Spellcasting
   519 | D        | Noticed a shadow
   522 | D        | Killed a shadow
   522 | D        | Reached ** piety under Vehumet
   523 | D        | Reached skill level 14 in Earth Magic
   596 | D        | Found a blossoming altar of Fedhas.
   596 | D        | Found a stormy altar of Qazlal.
   596 | D        | Found a snail-covered altar of Cheibriados.
   596 | D        | Found a burning altar of Makhleb.
   596 | D        | Found a shimmering altar of Xom.
   597 | D        | Found a hazy altar of Hepliaklqana.
   597 | D        | Found an opulent altar of Gozag.
   597 | D        | Found a sparkling altar of Nemelex Xobeh.
   597 | D        | Found a corrupted altar of Lugonu.
   597 | D        | Found a viscous altar of Jiyva.
   599 | D        | Offered knowledge of Scorch by Vehumet.
   609 | D        | Learned a level 2 spell: Scorch
   626 | D        | Noticed Josephine
   630 | D        | Killed Josephine
   630 | D        | Offered knowledge of Searing Ray by Vehumet.
   631 | D        | Reached skill level 1 in Fighting
   631 | D        | Reached skill level 15 in Earth Magic
   631 | D        | Reached XP level 9. HP: 47/47 MP: 17/25
   641 | D        | Reached *** piety under Vehumet
   718 | D        | Noticed a centaur warrior
   732 | D        | Killed a centaur warrior
   733 | D        | Reached skill level 16 in Earth Magic
  1090 | D        | Killed an unseen horror
  1090 | D        | Reached **** piety under Vehumet
  1090 | D        | Offered knowledge of Olgreb's Toxic Radiance by Vehumet.
  1091 | D        | Reached skill level 1 in Evocations
  1104 | D        | Noticed a wandering mushroom
  1108 | D        | Noticed a wandering mushroom
  1110 | D        | Killed a wandering mushroom
  1112 | D        | Noticed a wandering mushroom
  1119 | D        | Killed a wandering mushroom
  1120 | D        | Reached skill level 17 in Earth Magic
  1120 | D        | Reached XP level 10. HP: 53/53 MP: 13/27
  1300 | D        | Noticed a cane toad
  1300 | D        | Noticed a cane toad
  1305 | D        | Killed a cane toad
  1305 | D        | Offered knowledge of Yara's Violent Unravelling by Vehumet.
  1305 | D        | Reached ***** piety under Vehumet
  1306 | D        | Reached skill level 5 in Conjurations
  1428 | D        | Killed a cane toad
  1429 | D        | Slain by a komodo dragon

Illustrated notes

Levels and vault maps discovered:
D:        dungeon_sprint_mu [sprint_mu_entry_cave, sprint_mu_temple_rooms,
          sprint_mu_d1_horrors, sprint_mu_d2_genie, sprint_mu_d3_branching,
          sprint_mu_orc_legion, sprint_mu_elf_gauntlet, sprint_mu_hive_nellie,
          sprint_mu_lair_fedhas, sprint_mu_vaults_butterflies,
          sprint_mu_slime_circle, sprint_mu_swamp_cave, sprint_mu_shoals_kraken,
          sprint_mu_blade_basic, sprint_mu_crypt_chambers,
          sprint_mu_tomb_spiral, sprint_mu_vestibule_basic,
          sprint_mu_gehenna_hellfire, sprint_mu_dis_giant,
          sprint_mu_tartarus_statrot, sprint_mu_cocytus_islands, sprint_mu_zot1]

Skill      XL: |  1  2  3  4  5  6  7  8  9 10 |
---------------+-------------------------------+-----
Stealth        | 4 5 6 |  6.5
Dodging        | 2 3 4 |  4.5
Spellcasting   | 3 4 5 6 9 12 13 14 | 14.5
Earth Magic    | 5 7 9 10 13 15 17 | 17.7
Transmutations | 1 2 3 |  3.1
Conjurations   | 1 2 4 5 |  5.3
Fighting       | 1 2 |  2.0
Evocations     | 1 |  1.5

Action                   |  1- 3 |  4- 6 |  7- 9 | 10-12 || total
-------------------------+-------+-------+-------+-------++-------
 Cast: Sandblast         |    11 |    12 |    20 |     2 ||    45
       Passwall          |     2 |       |       |       ||     2
       Stone Arrow       |       |     2 |    15 |     5 ||    22
Evoke: Box of beasts     |       |       |     2 |     1 ||     3
  Use: Potion            |     3 |       |     2 |       ||     5
Armor: Robe              |       |     3 |     7 |     1 ||    11
Dodge: Dodged            |     2 |     2 |     7 |     3 ||    14

Table legend: (Time is in decaauts)
 A = Elapsed time spent in this place.
 B = Non-inter-level travel time spent in this place.
 C = Inter-level travel time spent in this place.
 D = Time resting spent in this place.
 E = Time spent auto-exploring this place.
 F = Levels seen in this place.
 G = Mean time per level.
                   A        B        C        D        E       F      G
               +--------+--------+--------+--------+--------+-----+--------+
         Total |   1464 |   1464 |      0 |    961 |     36 |   1 | 1464.0 |
       Dungeon |   1464 |   1464 |      0 |    961 |     36 |   1 | 1464.0 |
               +--------+--------+--------+--------+--------+-----+--------+

Top non-repeatable levels by time:
       D: 1464 daAuts
